 Dungeon Crawl Stone Soup version 0.28-a0-991-g956f0ee3d5 (webtiles) character file.

Game seed: 6581005040164349210

130 siradein the Skirmisher (level 4, 0/55 HPs)
             Began as a Demonspawn Berserker on Dec 5, 2021.
             Was a Follower of Trog.
             Slain by a gnoll (8 damage)
             ... on level 2 of the Dungeon.
             The game lasted 00:02:07 (1830 turns).

siradein the Skirmisher (Demonspawn Berserker)      Turns: 1830, Time: 00:02:07

Health: 0/55       AC:  9    Str: 19    XL:     4   Next: 89%
Magic:  4/4        EV:  8    Int:  8    God:    Trog [*.....]
Gold:   99         SH:  5    Dex: 13    Spells: 3/3 levels left

rFire   . . .      SeeInvis .   a - +0 hand axe
rCold   . . .      Faith    .   (no shield)
rNeg    . . .      Spirit   .   e - +0 chain mail
rPois   .          Reflect  +   (no helmet)
rElec   .          Harm     .   (no cloak)
rCorr   .          Rampage  .   (no gloves)
Will    .....                   (no boots)
Stlth   ..........              i - amulet of reflection
HPRegen 0.18/turn               (no ring)
MPRegen 0.09/turn               (no ring)

@: berserking, very quick
A: powered by pain 1, demonic magic 1
a: Renounce Religion, Berserk


You were on level 2 of the Dungeon.
You worshipped Trog.
Trog was aware of your devotion.
You visited 1 branch of the dungeon, and saw 2 of its levels.

You collected 99 gold pieces.

Inventory:

Hand Weapons
 a - a +0 hand axe (weapon)
Armour
 e - a +0 chain mail (worn)
Jewellery
 i - an amulet of reflection (around neck)
Wands
 j - a wand of flame (11)
Scrolls
 d - a scroll of enchant armour {unknown}
 g - a scroll of torment {unknown}
 h - a scroll of immolation {unknown}
Potions
 b - 3 potions of lignification {unknown}
 c - 3 potions of heal wounds {unknown}
 f - 2 potions of ambrosia {unknown}


   Skills:
 + Level 3.8 Fighting
 + Level 3.4 Axes
 + Level 2.7 Armour
 + Level 2.7 Dodging


You had 3 spell levels left.
You didn't know any spells.
Your spell library was empty.

Dungeon Overview and Level Annotations

Branches:
Dungeon (2/15)

Altars:


Innate Abilities, Weirdness & Mutations

You sometimes gain a little power by taking damage.
Spells you cast may paralyse adjacent enemies.


Message History

Trog accepts your kill.
No target in view!
You now have 90 gold pieces (gained 17).
Found a whip.
Found a stone staircase leading down.
You see here a +0 whip.
Found a stone staircase leading up.
Found a faded altar of an unknown god.
Found a stone staircase leading up.
You now have 99 gold pieces (gained 9).
A gnoll comes into view. It is wielding a +0 halberd.
A gnoll is nearby!
A gnoll comes into view. It is wielding a +0 flail.
The gnoll shouts!
An adder comes into view.
The adder hisses angrily.
The gnoll hits you with a +0 flail.
The gnoll hits you from afar with a +0 halberd!
You closely miss the gnoll. The gnoll closely misses you.
The gnoll hits you from afar with a +0 halberd.
You are too injured to fight recklessly!
A red film seems to cover your vision as you go berserk!
You feel yourself moving faster!
You feel mighty! The gnoll hits you with a +0 flail.
The gnoll hits you from afar with a +0 halberd.
You slash the gnoll!
The gnoll is heavily wounded.
The gnoll hits you with a +0 flail.
* * * LOW HITPOINT WARNING * * *
The gnoll barely misses you.
You slash the gnoll!
You kill the gnoll!
Trog accepts your kill.
The gnoll hits you from afar with a +0 halberd!
* * * LOW HITPOINT WARNING * * *
You see here a +0 flail.
You slash the gnoll!
The gnoll is almost dead.
The gnoll hits you with a +0 halberd!
You die...

...# #####.#### #### #.#
#.# #.# #.# ##########
##.## #.........
#####...## #.#######.
...<......####.#####
.####.......@gS....###.#
#.._..####.##......#
#......# #.##..###.#
#.#...## #S##g.# #....##
#...... ####.# ####..##
#. #S.# #+ #..# #..#


You could see a gnoll and an adder.

Vanquished Creatures
  Natasha (thrice) (D:2)
  A gnoll (D:2)
  2 adders (D:2)
  A worm (D:2)
  5 ball pythons
  A bat (D:2)
  2 endoplasms (D:1)
  4 goblins (D:1)
  2 hobgoblins
  A quokka (D:1)
  2 frilled lizards
  2 kobolds (D:1)
  3 rats
29 creatures vanquished.

Notes
Turn   | Place    | Note
-------+----------+-------------------------------------------
     0 | D:1      | siradein the Demonspawn Berserker began the quest for the
                  | Orb.
     0 | D:1      | Reached XP level 1. HP: 18/18 MP: 1/1
   442 | D:1      | Gained mutation: Spells you cast may paralyse adjacent
                  | enemies. [demonic ancestry]
   442 | D:1      | Reached XP level 2. HP: 24/24 MP: 2/2
  1074 | D:2      | Noticed Natasha
  1077 | D:2      | Noticed a crimson imp
  1198 | D:2      | Noticed a crimson imp
  1200 | D:2      | Killed Natasha
  1201 | D:2      | Reached XP level 3. HP: 29/29 MP: 3/3
  1258 | D:2      | Noticed Natasha
  1264 | D:2      | Killed Natasha
  1265 | D:2      | Gained mutation: You sometimes gain a little power by
                  | taking damage. [demonic ancestry]
  1265 | D:2      | Reached XP level 4. HP: 35/35 MP: 4/4
  1501 | D:2      | Noticed Natasha
  1511 | D:2      | Killed Natasha
  1795 | D:2      | Found a faded altar of an unknown god.
  1830 | D:2      | Slain by a gnoll

Illustrated notes

Levels and vault maps discovered:
D:1:      dpeg_arrival_erosion, layout_basic
D:2:      layout_loops_corners, basic_ecumenical_altar, uniq_natasha

Skill      XL: |  1  2 |
---------------+-------+-----
Armour         | 2 |  2.7
Dodging        | 2 |  2.7
Axes           | 3 |  3.4
Fighting       | |  3.8

Action                   |  1- 3 |  4- 6 || total
-------------------------+-------+-------++-------
Melee: Hand axe          |    58 |    53 ||   111
Invok: Berserk           |     2 |     2 ||     4
 Stab: Sleeping          |     1 |       ||     1
Armor: Animal skin       |     1 |       ||     1
       Chain mail        |    24 |    21 ||    45
Dodge: Dodged            |    18 |    13 ||    31
Block: Other             |       |    15 ||    15
       Reflection        |       |     1 ||     1

Table legend: (Time is in decaauts)
 A = Elapsed time spent in this place.
 B = Non-inter-level travel time spent in this place.
 C = Inter-level travel time spent in this place.
 D = Time resting spent in this place.
 E = Time spent auto-exploring this place.
 F = Levels seen in this place.
 G = Mean time per level.
                   A        B        C        D        E       F      G
               +--------+--------+--------+--------+--------+-----+--------+
         Total |   1868 |   1831 |     37 |    175 |   1383 |   2 |  934.0 |
       Dungeon |   1868 |   1831 |     37 |    175 |   1383 |   2 |  934.0 |
               +--------+--------+--------+--------+--------+-----+--------+

Top non-repeatable levels by time:
     D:1: 1164 daAuts
     D:2: 704 daAuts
